 Dungeon Crawl Stone Soup version 0.21-a0-156-g77413b7 (webtiles) character file.

326 namelastname112 the Distorting Draconian (level 6, 0/52 HPs)
             Began as a Draconian Abyssal Knight on Aug 3, 2017.
             Was a Believer of Lugonu.
             Slain by an ogre
             ... wielding a +0 giant club
              (25 damage)
             ... on level 4 of the Dungeon.
             The game lasted 00:08:50 (4484 turns).

namelastname112 the Distorting Draconian (DrAK)     Turns: 4484, Time: 00:08:51

Health: 0/52       AC:  6    Str: 15    XL:     6   Next: 24%
Magic:  9/9        EV: 13    Int: 15    God:    Lugonu [**....]
Gold:   210        SH:  0    Dex: 12    Spells: 5/5 levels left

rFire    . . .     SeeInvis .   j - +1 short sword (drain)
rCold    . . .     Gourm    .   (no shield)
rNeg     . . .     Faith    .   (armour unavailable)
rPois    .         Spirit   .   (helmet restricted)
rElec    .         Reflect  .   (no cloak)
rCorr    .         Harm     .   (no gloves)
MR       .....                  (no boots)
Stlth    +.........             l - amulet of magic regeneration
HPRegen  0.17/turn              m - +3 ring of intelligence
MPRegen  0.36/turn              n - ring of wizardry

@: no status effects
A: unfitting armour, cold-blooded, AC +6
a: Depart the Abyss, Bend Space, Renounce Religion


You were on level 4 of the Dungeon.
You worshipped Lugonu.
Lugonu was pleased with you.
You were not hungry.

You visited 1 branch of the dungeon, and saw 4 of its levels.
You visited the Abyss 1 time.

You collected 210 gold pieces.

Inventory:

Hand Weapons
 a - a +1 falchion
 f - a +0 dagger of venom
 j - a +1 short sword of draining (weapon)
 o - a +0 long sword
Armour
 p - a +0 pair of boots
Jewellery
 l - an amulet of magic regeneration (around neck)
 m - a +3 ring of intelligence (left hand)
 n - a ring of wizardry (right hand)
Wands
 q - a wand of iceblast (2/15)
Scrolls
 c - a scroll of fog {unknown}
 d - 3 scrolls of teleportation
 e - 2 scrolls of identify
 g - 4 scrolls of amnesia {unknown}
 h - a scroll of remove curse {unknown}
 r - 2 scrolls of enchant weapon {unknown}
 s - 2 scrolls of fear {unknown}
Potions
 i - 2 potions of brilliance
 k - a potion of agility
Comestibles
 b - 5 bread rations


   Skills:
 + Level 4.1 Fighting
 * Level 4.2 Long Blades
 + Level 2.8 Dodging
 * Level 4.7 Invocations


You had 5 spell levels left.
You didn't know any spells.

Dungeon Overview and Level Annotations

Branches:
Dungeon (4/15)
 Temple: D:4-7

Altars:
Dithmenos
Elyvilon
Fedhas
Yredelemnul

Annotations:
D:4 Dowan, Duvessa


Innate Abilities, Weirdness & Mutations

Your plain brown scales are hard. (AC +6)
You cannot fit into any form of body armour.
You are cold-blooded and may be slowed by cold attacks.


Message History

You barely miss the ogre.
The ogre is heavily wounded.
The ogre misses you.
You hit the ogre but do no damage. You drain the ogre!
You tail-slap the ogre, but do no damage.
The ogre is severely wounded.
You barely miss the ogre.
Your tail-slap misses the ogre.
The ogre is severely wounded.
The ogre barely misses you. The ogre barely misses you.
You closely miss the ogre.
The ogre is severely wounded.
The ogre hits you with a giant club!
You take 10 damage, and have 25/52 hp.
You barely miss the ogre.
The ogre is severely wounded.
You barely miss the ogre.
The ogre is severely wounded.
The ogre hits you with a giant club!!
You die...

#.#.........##.#
#.#e%.......##.#
#.#.........##.#
#.#.##########.#
#?#.##########.#
#.#..........#.#
#.##########.#.#
#.# #....O<#.#
#O# #.####@#.#
#.# #.# #.#.#
#.# #.####.#.#
#.# #......#.#
#.############.#
#........O.....#
################


You could see an ogre.

Vanquished Creatures
  An ogre (D:4)
  A hound (D:4)
  2 orc wizards (D:3)
  Ijyb (D:3)
  5 adders
  An adder skeleton (D:4)
  3 worms (D:3)
  A dart slug (D:2)
  3 leopard geckos
  3 orcs (D:3)
  4 giant cockroaches
  6 goblins
  6 hobgoblins
  A quokka (D:3)
  8 bats
  8 frilled lizards
  5 kobolds
  13 rats
72 creatures vanquished.

Vanquished Creatures (others)
  An orc wizard (D:3)
1 creature vanquished.

Grand Total: 73 creatures vanquished

Notes
Turn   | Place    | Note
-------+----------+-------------------------------------------
     0 | Abyss:1  | namelastname112 the Draconian Abyssal Knight began the quest for the Orb.
     0 | Abyss:1  | Reached XP level 1. HP: 19/19 MP: 2/2
    53 | Abyss:1  | Noticed a spatial maelstrom
    54 | Abyss:1  | Noticed a spatial vortex
    54 | D:1      | Escaped the Abyss
   425 | D:1      | Reached XP level 2. HP: 22/26 MP: 3/3
   690 | D:1      | Reached * piety under Lugonu
  1272 | D:2      | Reached XP level 3. HP: 27/31 MP: 5/5
  1440 | D:2      | Found a shadowy altar of Dithmenos.
  1594 | D:2      | Found a basalt altar of Yredelemnul.
  1653 | D:2      | Found a white marble altar of Elyvilon.
  1826 | D:3      | Noticed Ijyb
  1848 | D:3      | Killed Ijyb
  1848 | D:3      | Reached XP level 4. HP: 37/38 MP: 6/6
  1968 | D:3      | Reached ** piety under Lugonu
  2335 | D:3      | Reached XP level 5. HP: 28/45 MP: 7/7
  2974 | D:4      | Noticed Duvessa
  3500 | D:4      | Found a blossoming altar of Fedhas.
  3613 | D:4      | Noticed an ogre
  3650 | D:4      | Killed an ogre
  3650 | D:4      | Reached XP level 6. HP: 4/52 MP: 9/9
  4282 | D:4      | Noticed Dowan
  4484 | D:4      | Slain by an ogre

Vault maps used:
D:1:      tarquinn_simple_flora_water_a
D:2:      kennysheep_ying_yang, first_bread, hangedman_decor_growths,
          grunt_dithmenos_smoke_and_mirrors
D:3:      uniq_ijyb
D:4:      kennysheep_mini_moat, uniq_duvessa

Skill      XL: |  1  2  3  4  5 |
---------------+----------------+-----
Invocations    | 3 4 |  4.7
Long Blades    | 3 4 |  4.2
Fighting       | 4 |  4.1
Dodging        | |  2.8

Action                   |  1- 3 |  4- 6 || total
-------------------------+-------+-------++-------
Melee: Falchion          |    56 |       ||    56
       Long sword        |    51 |   115 ||   166
       Tailslap          |    10 |    18 ||    28
       Short sword       |       |    10 ||    10
Invok: Depart the Abyss  |     1 |       ||     1
       Bend Space        |       |     3 ||     3
Evoke: Wand              |       |     4 ||     4
  Use: Potion            |       |     4 ||     4
       Scroll            |       |     4 ||     4
 Stab: Invisible         |       |     2 ||     2
  Eat: Chunk             |     3 |     5 ||     8
       Fruit             |       |     2 ||     2
       Meat ration       |       |     1 ||     1
Armor: Skin              |    33 |    34 ||    67
Dodge: Dodged            |    77 |    82 ||   159
       Rpst.: Falchion   |    12 |       ||    12
       Long sword        |    15 |    27 ||    42
